 Dungeon Crawl Stone Soup version 0.30-a0-883-g5ad918d77d (webtiles) character file.

Game seed: 13048979497860680363

499 Ijustatesigmund the Firebug (level 7, -7/51 HPs)
             Began as a Gnoll Fire Elementalist on Mar 16, 2023.
             Mangled by Duvessa
             ... wielding a +0 short sword
              (12 damage)
             ... on level 4 of the Dungeon.
             The game lasted 00:08:26 (4185 turns).

Ijustatesigmund the Firebug (GnFE)                  Turns: 4185, Time: 00:08:26

Health: -7/51      AC:  7    Str:  8    XL:     7   Next: 16%
Magic:  15/15      EV: 13    Int: 16    God:
Gold:   64         SH:  0    Dex: 12    Spells: 14/17 levels left

rFire   . . .      SeeInvis .    d - +0 hand axe (flame)
rCold   . . .      Faith    .    (no shield)
rNeg    . . .      Spirit   .    a - +0 robe
rPois   .          Reflect  .    (no helmet)
rElec   .          Rampage  .    (no cloak)
rCorr   .                        (no gloves)
Will    .....                    q - +2 pair of boots
Stlth   +                        (no amulet)
HPRegen 0.28/turn                (no ring)
MPRegen 0.14/turn                (no ring)

@: lit by a corona, glowing
A: fangs 1, strong nose, distributed training, iridescent scales 1, MP-powered
wands
a: no special abilities


You were on level 4 of the Dungeon.
You visited 1 branch of the dungeon, and saw 4 of its levels.
You also visited: Sewer.

You collected 178 gold pieces.
You spent 114 gold pieces at shops.

Inventory:

Hand Weapons
 d - a +0 hand axe of flaming (weapon)
Missiles
 c - 3 poisoned darts (quivered)
 o - a throwing net
Armour
 a - a +0 robe (worn)
 q - a +2 pair of boots (worn)
Wands
 n - a wand of polymorph (9)
 u - a wand of mindburst (14)
Scrolls
 f - 2 scrolls of poison
 g - 3 scrolls of identify
 h - 2 scrolls of enchant armour
 m - 5 scrolls of teleportation
 p - a scroll of amnesia
 r - a scroll of brand weapon
 s - a scroll of blinking {unknown}
 v - a scroll of magic mapping
Potions
 b - a potion of magic
 e - 2 potions of ambrosia
 i - a potion of mutation
 k - a potion of flight
 l - a potion of resistance
 t - a potion of curing {unknown}
 x - a potion of lignification {unknown}


   Skills:
 + Level 2.4 Fighting
 + Level 2.4 Short Blades
 + Level 2.4 Long Blades
 + Level 2.4 Axes
 + Level 2.4 Maces & Flails
 + Level 2.4 Polearms
 + Level 2.4 Staves
 + Level 2.4 Ranged Weapons
 + Level 2.4 Throwing
 + Level 2.4 Armour
 + Level 5.2 Dodging
 + Level 4.8 Stealth
 + Level 2.4 Shields
 + Level 2.4 Unarmed Combat
 + Level 5.6 Spellcasting
 + Level 2.9 Conjurations
 + Level 2.0 Hexes
 + Level 2.0 Summonings
 + Level 2.0 Necromancy
 + Level 2.0 Translocations
 + Level 2.0 Transmutations
 + Level 5.8 Fire Magic
 + Level 2.0 Ice Magic
 + Level 2.0 Air Magic
 + Level 2.0 Earth Magic
 + Level 2.0 Poison Magic
 + Level 2.6 Invocations
 + Level 2.4 Evocations


You had 14 spell levels left.
You knew the following spells:

 Your Spells              Type           Power      Damage    Failure   Level
a - Foxfire               Conj/Fire      72%        2x1d7     2%          1
b - Scorch                Fire           46%        2d7       1%          2

Your spell library contained the following spells:

 Spells                   Type           Power      Damage    Failure   Level
 Inner Flame              Hex/Fire       17%        N/A       9%          3
 Kindle Blastsparks       Fire/Tloc/Air  28%        2d12      11%         3
 Flame Wave               Conj/Fire      18%        2d7       24%         4


Dungeon Overview and Level Annotations

Branches:
Dungeon (4/15)              Sewer (visited)
 Temple: D:4-7

Altars:
Gozag
Ru

Shops:
D:1 ?   D:3 *

Annotations:
D:4 Duvessa


Innate Abilities, Weirdness & Mutations

You have very sharp teeth.
Your uncanny sense of smell can sniff out nearby items.
Your experience applies equally to all skills.
You are partially covered in iridescent scales. (AC +2)
You expend magic power (3 MP) to strengthen your wands.


Message History

Dowan gestures at you while chanting.
The puff of frost hits you but does no damage.
Duvessa hits you with a +0 short sword.
* * * LOW HITPOINT WARNING * * *
You're too confused to move!
Duvessa hits you with a +0 short sword!
* * * LOW HITPOINT WARNING * * *
Dowan hits you with a +0 dagger.
* * * LOW HITPOINT WARNING * * *
Unknown command.
You feel much better.
Dowan no longer looks unusually strong.
Duvessa barely misses you. Dowan closely misses you.
Duvessa closely misses you.
You hit Dowan. You burn Dowan.
You kill Dowan!
Duvessa weeps, and shakes her weapon.
Duvessa goes berserk!
You barely miss Duvessa.
You feel less invigorated.
You feel less confused.
Duvessa hits you with a +0 short sword! x2
Your Hexes skill increases to level 2!
Your Summonings skill increases to level 2!
Your Necromancy skill increases to level 2!
Your Translocations skill increases to level 2!
Your Transmutations skill increases to level 2!
Your Ice Magic skill increases to level 2!
Your Air Magic skill increases to level 2!
Your Earth Magic skill increases to level 2!
Your Poison Magic skill increases to level 2!
You closely miss Duvessa.
Duvessa is heavily wounded.
Duvessa hits you but does no damage.
You barely miss Duvessa. You bite Duvessa, but do no damage.
Duvessa is heavily wounded.
Duvessa hits you with a +0 short sword!
* * * LOW HITPOINT WARNING * * *
Duvessa hits you with a +0 short sword.
* * * LOW HITPOINT WARNING * * *
You hit Duvessa but do no damage. You punch Duvessa. Your bite misses Duvessa.
Duvessa is heavily wounded.
Duvessa hits you with a +0 short sword!
You die...

#...... ..... ∆ #...... ....
#...... ∆... ....... #e#+##
....... #.e.. ...###. #.#.#
....... #.###.#.######### ###.##.
#.......e@).....# #.##.
#####.#.#######.######.##.
#.......................
#...#.#######.######.###
#######...#.#######.####....##
##.....#...#.................##
##......#...#..######.###.....##
##.......#...#..######.........##
#.............................###


You could see Duvessa (berserk, fast).

Vanquished Creatures
  Pargi (Sewer)
  An ogre (D:4)
  A scorpion (D:3)
  Dowan (D:4)
  An orc priest (D:3)
  2 orc wizards
  5 adders
  3 worms
  15 orcs
  4 endoplasms
  2 giant cockroaches
  4 goblins
  3 hobgoblins
  5 quokkas
  5 ball pythons
  7 bats
  3 frilled lizards
  3 kobolds
  7 rats
73 creatures vanquished.

Vanquished Creatures (collateral kills)
  3 foxfires
3 creatures vanquished.

Vanquished Creatures (others)
  198 foxfires
  2 plants (D:2)
200 creatures vanquished.

Grand Total: 276 creatures vanquished

Notes
Turn   | Place    | Note
-------+----------+-------------------------------------------
     0 | D:1      | Ijustatesigmund the Gnoll Fire Elementalist began the quest
                  | for the Orb.
     0 | D:1      | Reached XP level 1. HP: 13/13 MP: 6/6
   315 | D:1      | Reached XP level 2. HP: 19/19 MP: 4/7
   318 | D:1      | Learned a level 2 spell: Scorch
   649 | D:1      | Found Gengulas's Magic Scroll Boutique.
   664 | D:1      | Bought a scroll of teleportation for 39 gold pieces
   804 | D:1      | Found a faded altar of an unknown god.
  1004 | D:2      | Reached skill level 5 in Spellcasting
  1004 | D:2      | Reached XP level 3. HP: 25/25 MP: 3/9
  1100 | D:2      | Reached skill level 1 in Invocations
  1516 | D:2      | Reached skill level 1 in Fighting
  1516 | D:2      | Reached skill level 1 in Short Blades
  1516 | D:2      | Reached skill level 1 in Long Blades
  1516 | D:2      | Reached skill level 1 in Axes
  1516 | D:2      | Reached skill level 1 in Maces & Flails
  1516 | D:2      | Reached skill level 1 in Polearms
  1516 | D:2      | Reached skill level 1 in Staves
  1516 | D:2      | Reached skill level 1 in Ranged Weapons
  1516 | D:2      | Reached skill level 1 in Throwing
  1516 | D:2      | Reached skill level 1 in Armour
  1516 | D:2      | Reached skill level 1 in Shields
  1516 | D:2      | Reached skill level 1 in Unarmed Combat
  1516 | D:2      | Reached skill level 1 in Evocations
  1609 | D:2      | Reached XP level 4. HP: 32/32 MP: 7/11
  2155 | D:3      | Found a glowing drain.
  2263 | Sewer    | Entered a sewer
  2268 | Sewer    | Reached skill level 1 in Hexes
  2268 | Sewer    | Reached skill level 1 in Summonings
  2268 | Sewer    | Reached skill level 1 in Necromancy
  2268 | Sewer    | Reached skill level 1 in Translocations
  2268 | Sewer    | Reached skill level 1 in Transmutations
  2268 | Sewer    | Reached skill level 1 in Ice Magic
  2268 | Sewer    | Reached skill level 1 in Air Magic
  2268 | Sewer    | Reached skill level 1 in Earth Magic
  2268 | Sewer    | Reached skill level 1 in Poison Magic
  2431 | Sewer    | Noticed Pargi
  2445 | Sewer    | Killed Pargi
  2446 | Sewer    | Reached XP level 5. HP: 29/37 MP: 4/12
  2680 | D:3      | Reached XP level 6. HP: 44/44 MP: 8/13
  2791 | D:3      | Reached skill level 5 in Dodging
  2872 | D:3      | Found an opulent altar of Gozag.
  2873 | D:3      | Found a sacrificial altar of Ru.
  2974 | D:3      | Found Tiasm's General Store.
  2989 | D:3      | Bought a scroll of magic mapping for 75 gold pieces
  3884 | D:4      | Reached XP level 7. HP: 24/50 MP: 15/15
  4146 | D:4      | Noticed Dowan
  4148 | D:4      | Noticed Duvessa
  4171 | D:4      | Gained mutation: You are partially covered in iridescent
                  | scales. (AC +2) [potion of mutation]
  4171 | D:4      | Gained mutation: You expend magic power (3 MP) to
                  | strengthen your wands. [potion of mutation]
  4175 | D:4      | HP: 1/50 [Dowan/+0 dagger (7)]
  4182 | D:4      | Killed Dowan
  4185 | D:4      | Mangled by Duvessa

Illustrated notes

Levels and vault maps discovered:
D:1:      dpeg_chamrin_arrival_tetris, layout_basic,
          dreamdust_ecumenical_altar_statues, serial_shops, shop
D:2:      layout_rooms, serial_bayou, serial_bayou_crossing,
          serial_bayou_lagoon_b, serial_bayou_ford_a, serial_bayou_lagoon_a
D:3:      layout_rooms, nicolae_overflow_squiral, cheibrodos_sewer_entry_drain,
          serial_shops, shop
D:4:      layout_basic, gammafunk_temple_overflow_pools, nrook_mini_backslash,
          uniq_natasha, uniq_duvessa

Skill      XL: |  1  2  3  4  5  6  7 |
---------------+----------------------+-----
Conjurations   | 2 |  2.9
Spellcasting   | 5 |  5.6
Invocations    | 1 2 |  2.6
Fighting       | 1 2 |  2.4
Short Blades   | 1 2 |  2.4
Long Blades    | 1 2 |  2.4
Axes           | 1 2 |  2.4
Maces & Flails | 1 2 |  2.4
Polearms       | 1 2 |  2.4
Staves         | 1 2 |  2.4
Ranged Weapons | 1 2 |  2.4
Throwing       | 1 2 |  2.4
Armour         | 1 2 |  2.4
Shields        | 1 2 |  2.4
Unarmed Combat | 1 2 |  2.4
Evocations     | 1 2 |  2.4
Hexes          | 1 2 |  2.0
Summonings     | 1 2 |  2.0
Necromancy     | 1 2 |  2.0
Translocations | 1 2 |  2.0
Transmutations | 1 2 |  2.0
Ice Magic      | 1 2 |  2.0
Air Magic      | 1 2 |  2.0
Earth Magic    | 1 2 |  2.0
Poison Magic   | 1 2 |  2.0
Dodging        | 5 |  5.2
Stealth        | |  4.8
Fire Magic     | |  5.8

Action                     |  1- 3 |  4- 6 |  7- 9 || total
---------------------------+-------+-------+-------++-------
  Melee: Hand axe          |       |    40 |    22 ||    62
         Bite              |       |     2 |     2 ||     4
         Punch             |       |       |     2 ||     2
  Throw: Dart              |       |     2 |       ||     2
   Cast: Foxfire           |    51 |    61 |     1 ||   113
         Scorch            |     3 |    13 |     4 ||    20
    Use: Scroll            |       |    11 |       ||    11
         Potion            |       |     2 |     5 ||     7
 Armour: Robe              |       |    24 |     6 ||    30
  Dodge: Dodged            |     7 |    35 |    22 ||    64

Table legend: (Time is in decaauts)
 A = Elapsed time spent in this place.
 B = Non-inter-level travel time spent in this place.
 C = Inter-level travel time spent in this place.
 D = Time resting spent in this place.
 E = Time spent auto-exploring this place.
 F = Levels seen in this place.
 G = Mean time per level.
                   A        B        C        D        E       F      G
               +--------+--------+--------+--------+--------+-----+--------+
         Total |   4280 |   4195 |     85 |    704 |   2902 |   5 |  856.0 |
       Dungeon |   3893 |   3808 |     85 |    420 |   2842 |   4 |  973.2 |
         Sewer |    386 |    386 |      0 |    284 |     60 |   1 |  386.0 |
               +--------+--------+--------+--------+--------+-----+--------+

Top non-repeatable levels by time:
     D:3: 1162 daAuts
     D:2: 1094 daAuts
     D:1: 965 daAuts
     D:4: 672 daAuts
   Sewer: 386 daAuts
